Canucks vs Red Wings

Created - May 18, 2017 at 20:39

Goals
1 2 3 OT1 SO T
Canucks 1 2 1 0 1 4
Red Wings 0 1 3 0 2 5
Shots
1 2 3 OT1 SO T
Canucks 4 13 14 1 4 32
Red Wings 4 12 25 1 4 42

1st period

1. Canucks , Milan Michalek 28 (Martin St. Louis 49, Jiri Hudler 19) at 4:34

Penalties :
Martin St. Louis (Van) for Boarding (Major) at 6:03, Alex Picard (Det) for Roughing (Minor) at 17:12

2nd period

2. Red Wings , Ole-Kristian Tollefsen 6 (Adam Henrique 18, Michal Neuvirth) at 2:02
3. Canucks , Bobby Butler 5 (Maxim Lapierre 24, Patrick Eaves 17) at 10:34
4. Canucks , Nikolai Zherdev 6 (Matt Stajan 34, Alex Tanguay 13) at 15:27

Penalties :
Maxim Lapierre (Van) for Interference (Minor) at 19:50

3rd period

5. Canucks , Matt Stajan 26 (Maxim Lapierre 25, Brendon Nash 8) at 2:43
6. Red Wings , Shea Weber 11 (Steve Downie 25, Tyler Johnson 32) at 6:30 (PP)
7. Red Wings , Mike Richards 47 (Shea Weber 38, Ole-Kristian Tollefsen 31) at 7:34 (PP)
8. Red Wings , Tyler Johnson 13 (Ole-Kristian Tollefsen 32, Steve Downie 26) at 16:48

Penalties :
Ryan Parent (Van) for Hooking (Minor) at 5:54, Bobby Butler (Van) for Interference (Minor) at 7:05, Nikolai Zherdev (Van) for Hooking (Minor) at 10:30, Martin St. Louis (Van) for High sticking (Minor) at 11:06

Overtime #1

No Goal

Penalties :
No Penalty

Shootout

Penalty Shot by Maxim Afinogenov for Canucks - Shot Misses the Net
Penalty Shot by Rick Nash for Red Wings - Goal!
Penalty Shot by Mike Ribeiro for Canucks - Goal!
Penalty Shot by Mike Richards for Red Wings - Stopped by Brent Krahn
Penalty Shot by Martin St. Louis for Canucks - Stopped by Michal Neuvirth
Penalty Shot by Steve Downie for Red Wings - Stopped by Brent Krahn
Penalty Shot by Matt Stajan for Canucks - Stopped by Michal Neuvirth
Penalty Shot by Shea Weber for Red Wings - Goal!

Penalties :
No Penalty

Goalie Stats

Brent Krahn (Van), 38 saves from 42 shots - (0.905), OTL, 14-14-3, 65:00 minutes
Michal Neuvirth (Det), 28 saves from 32 shots - (0.875), W, 39-21-9, 65:00 minutes

Players Stats for Canucks

Player Name              G  A  P  +/- PIM S  H  SB GA TA FO     MP     PP MP  PK MP  
------------------------------------------------------------------------------------
Alex Goligoski           0  0  0   1  0   3  1  1  1  1  0/0    23:26   1:16   5:50 
Alex Tanguay             0  1  1   2  0   1  3  0  1  0  1/2    16:02   0:00   2:38 
Ben Lovejoy              0  0  0  -2  0   0  0  4  1  0  0/0    25:41   0:00   5:54 
Bobby Butler             1  0  1   0  2   3  3  0  0  0  0/0    18:01   0:00   0:00 
Brendon Nash             0  1  1   2  0   3  1  3  0  0  0/0    16:03   0:43   0:50 
Clarke MacArthur         0  0  0   0  0   2  0  0  1  0  0/0    12:10   0:52   1:26 
Doug Janik               0  0  0   2  0   0  3  2  0  0  0/0    15:44   1:16   1:25 
Jiri Hudler              0  1  1   0  0   0  2  0  0  0  0/0    10:08   1:07   0:00 
Martin St. Louis         0  1  1   0  7   1  1  0  0  0  0/1    10:33   0:00   0:48 
Matt Stajan              1  1  2   2  0   4  2  0  1  0  8/13   16:27   0:00   2:45 
Maxim Afinogenov         0  0  0   0  0   0  4  0  0  0  5/12   17:52   1:07   5:24 
Maxim Lapierre           0  2  2   0  2   5  0  3  1  0  12/21  19:05   0:00   1:19 
Mike Ribeiro             0  0  0   0  0   1  3  0  0  0  1/4    16:14   0:00   4:53 
Milan Michalek           1  0  1   0  0   1  2  0  0  0  0/0     8:31   0:52   0:09 
Nikolai Zherdev          1  0  1   2  2   3  0  1  0  0  1/1    12:51   1:07   0:04 
Patrick Eaves            0  1  1   0  0   3  4  0  0  0  1/3    19:36   0:52   0:00 
Ryan Parent              0  0  0  -2  2   2  2  1  1  0  0/0    22:48   0:00   3:44 
Sami Lepisto             0  0  0   3  0   0  0  1  1  2  0/0    26:41   0:43   3:59 

Players Stats for Red Wings

Player Name              G  A  P  +/- PIM S  H  SB GA TA FO     MP     PP MP  PK MP  
------------------------------------------------------------------------------------
Adam Henrique            0  1  1  -1  0   3  1  0  0  0  1/3    16:47   4:01   0:00 
Ales Hemsky              0  0  0   0  0   2  0  0  0  0  0/0    11:38   1:08   0:00 
Alex Picard              0  0  0   0  2   1  3  0  0  0  0/0    12:53   1:01   0:00 
Brendan Bell             0  0  0  -1  0   0  1  1  0  1  0/0    12:57   0:46   0:00 
Filip Kuba               0  0  0  -2  0   2  1  2  0  1  0/0    24:10   3:37   0:00 
Jiri Fischer             0  0  0   1  0   2  1  1  0  1  0/0    23:20   3:37   0:57 
Marc Savard              0  0  0  -1  0   0  1  0  0  0  0/2    11:09   0:55   0:00 
Mike Brown               0  0  0  -1  0   1  3  0  0  0  0/0     9:54   0:44   0:59 
Mike Richards            1  0  1   0  0   4  5  2  1  1  17/35  23:26   5:16   0:00 
Nate Thompson            0  0  0   0  0   1  0  0  1  0  3/4     9:36   0:00   0:00 
Ole-Kristian Tollefsen   1  2  3   1  0   3  0  1  0  0  0/0    26:45   6:15   1:02 
Phil Kessel              0  0  0   0  0   5  1  0  0  0  1/2    22:16   5:18   0:00 
Rick Nash                0  0  0   0  0   7  3  0  1  0  2/2    24:54   5:18   0:59 
Shea Weber               1  1  2  -2  0   4  2  2  0  3  0/0    28:32   6:15   1:02 
Steve Downie             0  2  2  -1  0   2  3  1  0  0  0/0    17:44   4:01   1:00 
Tim Ramholt              0  0  0  -1  0   1  1  0  0  1  0/0    13:54   0:46   0:57 
Tye McGinn               0  0  0  -1  0   1  0  0  0  0  0/0     8:40   0:12   0:00 
Tyler Johnson            1  1  2  -1  0   3  1  0  0  0  4/9    19:25   4:00   1:00 

3 Stars

1 - Ole-Kristian Tollefsen (Det)
2 - Matt Stajan (Van)
3 - Mike Richards (Det)

Power Play

Canucks - 0 on 1 Attempt(s) - 0.00%
Red Wings - 2 on 6 Attempt(s) - 33.33%

Penalty Kill

Canucks - 4 on 6 Attempt(s) - 66.67% - Score 0 goal in Penalty Kill
Red Wings - 1 on 1 Attempt(s) - 100.00% - Score 0 goal in Penalty Kill

Team Stat

Canucks - Hits : 31 - Faceoff Wins : 29 - Blocked Shots : 16 - Penalty Minutes : 15
Red Wings - Hits : 27 - Faceoff Wins : 28 - Blocked Shots : 10 - Penalty Minutes : 2

Official

Referees : Pochmara Brian and Devorski Paul
Linesman : Scott Cherrey and Jonny Murray

Game Notes

Doug Janik is injured at 19:26 of 2nd period (Left Foot)

Finance

Level 1 -- Attendance: 6000 (100.00%) -- Ticket Income $450,000
Level 2 -- Attendance: 4763 (95.26%) -- Ticket Income $228,624
Level 3 -- Attendance: 2000 (100.00%) -- Ticket Income $56,000
Level 4 -- Attendance: 4000 (100.00%) -- Ticket Income $80,000
Luxury Box -- Attendance: 940 (94.00%) -- Ticket Income $145,700
Game was played at the Joe Louis Arena.
Total Attendance: 17703 (98.35%)
Total Ticket Income: $960,324
Other Income: $144,049
Total Income: $1,104,373

Canucks

5 vs 5 Forward 
   Center                   Left Wing                Right Wing               Time % Phy DF OF 
 1 Maxim Lapierre           Bobby Butler             Patrick Eaves            40     1   2  2  
 2 Matt Stajan              Alex Tanguay             Nikolai Zherdev          30     1   2  2  
 3 Mike Ribeiro             Clarke MacArthur         Maxim Afinogenov         20     1   2  2  
 4 Martin St. Louis         Milan Michalek           Jiri Hudler              10     1   2  2  

5 vs 5 Defense 
   Defense                  Defense                                           Time % Phy DF OF 
 1 Doug Janik               Sami Lepisto                                      40     1   2  2  
 2 Ryan Parent              Ben Lovejoy                                       30     1   2  2  
 3 Brendon Nash             Alex Goligoski                                    20     1   2  2  
 4 Alex Goligoski           Ben Lovejoy                                       10     1   2  2  

PowerPlay Forward 
   Center                   Left Wing                Right Wing               Time % Phy DF OF 
 1 Maxim Afinogenov         Nikolai Zherdev          Jiri Hudler              60     1   2  2  
 2 Patrick Eaves            Clarke MacArthur         Milan Michalek           40     1   2  2  

PowerPlay Defense
   Defense                  Defense                                           Time % Phy DF OF 
 1 Doug Janik               Alex Goligoski                                    60     1   2  2  
 2 Sami Lepisto             Brendon Nash                                      40     1   2  2  

Penalty Kill 4 Players Forward 
   Center                   Wing                     Time % Phy DF OF 
 1 Maxim Afinogenov         Mike Ribeiro             60     1   2  2  
 2 Martin St. Louis         Matt Stajan              40     1   2  2  

Penalty Kill 4 Players Defense
   Defense                  Defense                  Time % Phy DF OF 
 1 Alex Goligoski           Ben Lovejoy              60     1   2  2  
 2 Ryan Parent              Sami Lepisto             40     1   2  2  

Penalty Kill - 3 Players Forward 
   Forward                                           Time % Phy DF OF 
 1 Maxim Afinogenov                                  60     1   2  2  
 2 Mike Ribeiro                                      40     1   2  2  

Penalty Kill - 3 Players Defense
   Defense                  Defense                  Time % Phy DF OF 
 1 Alex Goligoski           Ben Lovejoy              60     1   2  2  
 2 Ryan Parent              Sami Lepisto             40     1   2  2  

4 vs 4 Forward 
   Center                   Wing                     Time % Phy DF OF 
 1 Maxim Afinogenov         Mike Ribeiro             60     1   2  2  
 2 Martin St. Louis         Matt Stajan              40     1   2  2  

4 vs 4 Defense
   Defense                  Defense                  Time % Phy DF OF 
 1 Alex Goligoski           Ben Lovejoy              60     1   2  2  
 2 Ryan Parent              Sami Lepisto             40     1   2  2  

Last Minutes Offensive
   Center                   Left Wing                Right Wing               Defense                  Defense                  
   Mike Ribeiro             Milan Michalek           Maxim Afinogenov         Alex Goligoski           Ben Lovejoy              

Last Minutes Defensive
   Center                   Left Wing                Right Wing               Defense                  Defense                  
   Mike Ribeiro             Milan Michalek           Maxim Afinogenov         Alex Goligoski           Ben Lovejoy              

Goaltenders
Starting : Brent Krahn              
Backup : Carey Price              

Extra Forwards
Normal : Patrick Eaves, Jiri Hudler, Alex Tanguay - PP : Patrick Eaves, Jiri Hudler - PK : Alex Tanguay
Extra Defensemen
Normal : Brendon Nash, Doug Janik, Ryan Parent - PP : Brendon Nash - PK : Doug Janik, Ryan Parent
Penalty Shots
Maxim Afinogenov, Mike Ribeiro, Martin St. Louis, Matt Stajan, Milan Michalek

Scratches
Doug Janik (Left Foot Injury), Tom Poti (Lacerated Left Calf Injury)

Red Wings

5 vs 5 Forward 
   Center                   Left Wing                Right Wing               Time % Phy DF OF 
 1 Mike Richards            Rick Nash                Phil Kessel              40     0   2  3  
 2 Tyler Johnson            Adam Henrique            Steve Downie             30     0   2  3  
 3 Nate Thompson            Alex Picard              Ales Hemsky              20     0   3  2  
 4 Marc Savard              Tye McGinn               Mike Brown               10     1   2  2  

5 vs 5 Defense 
   Defense                  Defense                                           Time % Phy DF OF 
 1 Shea Weber               Filip Kuba                                        40     0   3  2  
 2 Jiri Fischer             Ole-Kristian Tollefsen                            35     0   3  2  
 3 Brendan Bell             Tim Ramholt                                       15     1   3  1  
 4 Brendan Bell             Tim Ramholt                                       10     1   3  1  

PowerPlay Forward 
   Center                   Left Wing                Right Wing               Time % Phy DF OF 
 1 Mike Richards            Rick Nash                Phil Kessel              60     0   1  4  
 2 Tyler Johnson            Adam Henrique            Steve Downie             40     0   1  4  

PowerPlay Defense
   Defense                  Defense                                           Time % Phy DF OF 
 1 Shea Weber               Ole-Kristian Tollefsen                            60     0   2  3  
 2 Filip Kuba               Jiri Fischer                                      40     0   2  3  

Penalty Kill 4 Players Forward 
   Center                   Wing                     Time % Phy DF OF 
 1 Tyler Johnson            Steve Downie             50     1   2  2  
 2 Rick Nash                Mike Brown               50     1   2  2  

Penalty Kill 4 Players Defense
   Defense                  Defense                  Time % Phy DF OF 
 1 Shea Weber               Ole-Kristian Tollefsen   50     1   2  2  
 2 Jiri Fischer             Tim Ramholt              50     1   2  2  

Penalty Kill - 3 Players Forward 
   Forward                                           Time % Phy DF OF 
 1 Tyler Johnson                                     60     1   2  2  
 2 Steve Downie                                      40     1   2  2  

Penalty Kill - 3 Players Defense
   Defense                  Defense                  Time % Phy DF OF 
 1 Shea Weber               Ole-Kristian Tollefsen   50     1   2  2  
 2 Jiri Fischer             Tim Ramholt              50     1   2  2  

4 vs 4 Forward 
   Center                   Wing                     Time % Phy DF OF 
 1 Mike Richards            Rick Nash                60     1   2  2  
 2 Tyler Johnson            Phil Kessel              40     1   2  2  

4 vs 4 Defense
   Defense                  Defense                  Time % Phy DF OF 
 1 Shea Weber               Ole-Kristian Tollefsen   60     1   2  2  
 2 Jiri Fischer             Filip Kuba               40     1   2  2  

Last Minutes Offensive
   Center                   Left Wing                Right Wing               Defense                  Defense                  
   Mike Richards            Rick Nash                Phil Kessel              Shea Weber               Ole-Kristian Tollefsen   

Last Minutes Defensive
   Center                   Left Wing                Right Wing               Defense                  Defense                  
   Tyler Johnson            Rick Nash                Steve Downie             Shea Weber               Ole-Kristian Tollefsen   

Goaltenders
Starting : Michal Neuvirth          
Backup : Ilya Bryzgalov           

Extra Forwards
Normal : Rick Nash, Tyler Johnson, Marc Savard - PP : Steve Downie, Ales Hemsky - PK : Mike Brown
Extra Defensemen
Normal : Shea Weber, Filip Kuba, Brendan Bell - PP : Brendan Bell - PK : Filip Kuba, Brendan Bell
Penalty Shots
Rick Nash, Mike Richards, Steve Downie, Shea Weber, Phil Kessel

Scratches
Sean Bergenheim (Healthy)

% Time on Ice - Canucks

Lines # - Real PCT - Wanted PCT - Time Play
Normal Forward
1 - 39% - 40% - 18:18
2 - 26% - 30% - 12:16
3 - 20% - 20% - 9:19
4 - 16% - 10% - 7:30
Normal Defense
1 - 43% - 40% - 20:35
2 - 28% - 30% - 13:18
3 - 20% - 20% - 9:36
4 - 8% - 10% - 3:54
PP Forward
1 - 56% - 60% - 1:07
2 - 44% - 40% - 0:52
PP Defense
1 - 64% - 60% - 1:16
2 - 36% - 40% - 0:43
PK Forward
1 - 70% - 60% - 6:30
2 - 30% - 40% - 2:45
PK Defense
1 - 66% - 60% - 6:04
2 - 34% - 40% - 3:11
PK3 Forward
1 - 89% - 60% - 1:14
2 - 11% - 40% - 0:09
PK3 Defense
1 - 42% - 60% - 0:35
2 - 58% - 40% - 0:48
44 Forward
1 - 74% - 60% - 3:42
2 - 26% - 40% - 1:18
44 Defense
1 - 59% - 60% - 2:58
2 - 41% - 40% - 2:02
Last Minute Offensive  - 0:00
Last Minute Defensive  - 0:00
Total
Forward - 65:00
Defense - 65:00

% Time on Ice - Red Wings

Lines # - Real PCT - Wanted PCT - Time Play
Normal Forward
1 - 34% - 40% - 16:14
2 - 28% - 30% - 13:26
3 - 20% - 20% - 9:36
4 - 17% - 10% - 8:07
Normal Defense
1 - 40% - 40% - 18:59
2 - 35% - 35% - 16:38
3 - 16% - 15% - 7:37
4 - 9% - 10% - 4:09
PP Forward
1 - 58% - 60% - 6:12
2 - 42% - 40% - 4:26
PP Defense
1 - 61% - 60% - 6:27
2 - 39% - 40% - 4:11
PK Forward
1 - 50% - 50% - 1:00
2 - 50% - 50% - 0:59
PK Defense
1 - 52% - 50% - 1:02
2 - 48% - 50% - 0:57
PK3 Forward
1 - 0% - 60%
2 - 0% - 40%
PK3 Defense
1 - 0% - 50%
2 - 0% - 50%
44 Forward
1 - 85% - 60% - 4:16
2 - 15% - 40% - 0:44
44 Defense
1 - 60% - 60% - 3:01
2 - 40% - 40% - 1:59
Last Minute Offensive  - 0:00
Last Minute Defensive  - 0:00
Total
Forward - 65:00
Defense - 65:00

Play by Play

1st period


0:01 of 1st period - Maxim Lapierre wins face-off versus Mike Richards in neutral zone.
0:11 of 1st period - Slapshot by Shea Weber.
0:11 of 1st period - Stopped by Brent Krahn without a rebound.
0:12 of 1st period - Adam Henrique wins face-off versus Matt Stajan in Canucks zone.
1:36 of 1st period - Tyler Johnson is hit by Alex Tanguay and loses puck.
2:52 of 1st period - Slapshot by Matt Stajan.
2:52 of 1st period - Shot Misses the Net.
2:54 of 1st period - Slapshot by Matt Stajan.
2:54 of 1st period - Shot Blocked by Brendan Bell.
3:04 of 1st period - Milan Michalek is hit by Steve Downie and loses puck.
3:50 of 1st period - Alex Goligoski is hit by Rick Nash and loses puck.
4:09 of 1st period - Wrist shot by Steve Downie.
4:09 of 1st period - Shot Misses the Net.
4:27 of 1st period - Jiri Fischer is hit by Milan Michalek and loses puck.
4:32 of 1st period - Snap shot by Martin St. Louis.
4:32 of 1st period - Stopped by Michal Neuvirth with a rebound.
4:34 of 1st period - Wrist shot by Milan Michalek.
4:34 of 1st period - Deflect By Jiri Fischer.
4:34 of 1st period - Goal by Milan Michalek - Canucks : 1 - Red Wings : 0.
4:35 of 1st period - Rick Nash wins face-off versus Maxim Lapierre in neutral zone.
4:42 of 1st period - Wrist shot by Phil Kessel.
4:42 of 1st period - Shot Misses the Net.
5:30 of 1st period - Snap shot by Steve Downie.
5:30 of 1st period - Stopped by Brent Krahn with a rebound.
5:40 of 1st period - Tim Ramholt is hit by Mike Ribeiro.
6:03 of 1st period - Major Penalty to Martin St. Louis for Boarding.
6:04 of 1st period - Mike Richards wins face-off versus Maxim Afinogenov in Canucks zone.
6:38 of 1st period - Snap shot by Adam Henrique.
6:38 of 1st period - Stopped by Brent Krahn with a rebound.
6:40 of 1st period - Wrist shot by Ole-Kristian Tollefsen.
6:40 of 1st period - Shot Misses the Net.
11:03 of 1st period - Penalty to Martin St. Louis is over, Martin St. Louis is back on ice.
11:10 of 1st period - Martin St. Louis is hit by Mike Brown and loses puck.
12:53 of 1st period - Filip Kuba is hit by Alex Goligoski and loses puck.
13:06 of 1st period - Shea Weber is hit by Maxim Afinogenov and loses puck.
13:32 of 1st period - Tye McGinn is hit by Matt Stajan and loses puck.
13:43 of 1st period - Patrick Eaves is hit by Rick Nash and loses puck.
14:26 of 1st period - Steve Downie is hit by Mike Ribeiro and loses puck.
14:31 of 1st period - Backhand shot by Clarke MacArthur.
14:31 of 1st period - Stopped by Michal Neuvirth without a rebound.
14:32 of 1st period - Mike Richards wins face-off versus Alex Tanguay in Red Wings zone.
14:39 of 1st period - Slapshot by Nikolai Zherdev.
14:39 of 1st period - Shot Misses the Net.
14:56 of 1st period - Shea Weber is hit by Bobby Butler and loses puck.
15:22 of 1st period - Brendan Bell is hit by Maxim Afinogenov and loses puck.
15:54 of 1st period - Milan Michalek is hit by Phil Kessel and loses puck.
16:03 of 1st period - Snap shot by Mike Richards.
16:03 of 1st period - Stopped by Brent Krahn without a rebound.
16:04 of 1st period - Maxim Lapierre wins face-off versus Mike Richards in Canucks zone.
16:13 of 1st period - Snap shot by Maxim Lapierre.
16:13 of 1st period - Deflect By Patrick Eaves.
16:13 of 1st period - Shot Misses the Net.
16:13 of 1st period - Puck is out of play.
16:14 of 1st period - Mike Richards wins face-off versus Maxim Lapierre in Red Wings zone.
16:27 of 1st period - Slapshot by Rick Nash.
16:27 of 1st period - Shot Misses the Net.
16:33 of 1st period - Snap shot by Mike Richards.
16:33 of 1st period - Shot Blocked by Doug Janik.
16:35 of 1st period - Snap shot by Mike Richards.
16:35 of 1st period - Shot Blocked by Maxim Lapierre.
16:37 of 1st period - Snap shot by Rick Nash.
16:37 of 1st period - Shot Misses the Net.
16:44 of 1st period - Off-side.
16:45 of 1st period - Matt Stajan wins face-off versus Adam Henrique in neutral zone.
16:48 of 1st period - Jiri Fischer is hit by Alex Tanguay and loses puck.
17:12 of 1st period - Minor Penalty to Alex Picard for Roughing.
17:13 of 1st period - Tyler Johnson wins face-off versus Maxim Afinogenov in Red Wings zone.
17:13 of 1st period - Tyler Johnson is hit by Jiri Hudler.
17:27 of 1st period - Wrist shot by Mike Brown.
17:27 of 1st period - Shot Misses the Net.
17:33 of 1st period - Mike Brown is hit by Doug Janik and loses puck.
18:36 of 1st period - Mike Brown is hit by Brendon Nash and loses puck.
19:01 of 1st period - Alex Goligoski is hit by Tyler Johnson and loses puck.
19:12 of 1st period - Penalty to Alex Picard is over, Alex Picard is back on ice.
19:37 of 1st period - Off-side.
19:38 of 1st period - Matt Stajan wins face-off versus Mike Richards in neutral zone.
19:41 of 1st period - Slapshot by Ryan Parent.
19:41 of 1st period - Stopped by Michal Neuvirth without a rebound.
19:42 of 1st period - Rick Nash wins face-off versus Matt Stajan in Red Wings zone.
19:42 of 1st period - Rick Nash is hit by Matt Stajan.
19:58 of 1st period - Wrist shot by Matt Stajan.
19:58 of 1st period - Shot Misses the Net.
Goals for this period are 1 for Canucks vs 0 for Red Wings.
Shots for this period are 4 for Canucks vs 4 for Red Wings.

2nd period


0:01 of 2nd period - Maxim Lapierre wins face-off versus Mike Richards in neutral zone.
0:10 of 2nd period - Snap shot by Patrick Eaves.
0:10 of 2nd period - Stopped by Michal Neuvirth with a rebound.
0:12 of 2nd period - Slapshot by Maxim Lapierre.
0:12 of 2nd period - Shot Misses the Net.
0:14 of 2nd period - Slapshot by Doug Janik.
0:14 of 2nd period - Deflect By Maxim Lapierre.
0:14 of 2nd period - Shot Blocked by Mike Richards.
0:14 of 2nd period - Puck is out of play.
0:15 of 2nd period - Matt Stajan wins face-off versus Tyler Johnson in Red Wings zone.
1:04 of 2nd period - Snap shot by Clarke MacArthur.
1:04 of 2nd period - Shot Blocked by Shea Weber.
1:43 of 2nd period - Tyler Johnson is hit by Doug Janik and loses puck.
2:02 of 2nd period - Slapshot by Ole-Kristian Tollefsen.
2:02 of 2nd period - Goal by Ole-Kristian Tollefsen - Canucks : 1 - Red Wings : 1.
2:03 of 2nd period - Patrick Eaves wins face-off versus Mike Richards in neutral zone.
3:03 of 2nd period - Slapshot by Martin St. Louis.
3:03 of 2nd period - Shot Misses the Net.
3:19 of 2nd period - Snap shot by Steve Downie.
3:19 of 2nd period - Shot Blocked by Brendon Nash.
3:21 of 2nd period - Wrist shot by Tyler Johnson.
3:21 of 2nd period - Stopped by Brent Krahn with a rebound.
3:23 of 2nd period - Slapshot by Filip Kuba.
3:23 of 2nd period - Deflect By Alex Goligoski.
3:23 of 2nd period - Stopped by Brent Krahn with a rebound.
4:02 of 2nd period - Snap shot by Mike Brown.
4:02 of 2nd period - Shot Blocked by Doug Janik.
4:22 of 2nd period - Steve Downie is hit by Jiri Hudler and loses puck.
5:01 of 2nd period - Bobby Butler is hit by Alex Picard and loses puck.
5:08 of 2nd period - Ales Hemsky is hit by Patrick Eaves and loses puck.
6:02 of 2nd period - Alex Tanguay is hit by Tim Ramholt and loses puck.
6:15 of 2nd period - Tim Ramholt is hit by Bobby Butler and loses puck.
6:48 of 2nd period - Snap shot by Nikolai Zherdev.
6:48 of 2nd period - Stopped by Michal Neuvirth without a rebound.
6:49 of 2nd period - Maxim Lapierre wins face-off versus Mike Richards in Red Wings zone.
6:52 of 2nd period - Slapshot by Maxim Lapierre.
6:52 of 2nd period - Shot Misses the Net.
6:58 of 2nd period - Slapshot by Alex Goligoski.
6:58 of 2nd period - Shot Blocked by Filip Kuba.
7:03 of 2nd period - Off-side.
7:04 of 2nd period - Matt Stajan wins face-off versus Tyler Johnson in neutral zone.
7:17 of 2nd period - Wrist shot by Tyler Johnson.
7:17 of 2nd period - Shot Blocked by Nikolai Zherdev.
7:19 of 2nd period - Slapshot by Shea Weber.
7:19 of 2nd period - Shot Blocked by Ryan Parent.
7:29 of 2nd period - Mike Richards is hit by Patrick Eaves and loses puck.
8:48 of 2nd period - Rick Nash is hit by Milan Michalek and loses puck.
9:05 of 2nd period - Milan Michalek is hit by Marc Savard and loses puck.
9:23 of 2nd period - Wrist shot by Patrick Eaves.
9:23 of 2nd period - Stopped by Michal Neuvirth with a rebound.
9:25 of 2nd period - Wrist shot by Maxim Lapierre.
9:25 of 2nd period - Stopped by Michal Neuvirth without a rebound.
9:26 of 2nd period - Maxim Lapierre wins face-off versus Mike Richards in Red Wings zone.
9:35 of 2nd period - Snap shot by Maxim Lapierre.
9:35 of 2nd period - Shot Blocked by Shea Weber.
10:22 of 2nd period - Snap shot by Mike Ribeiro.
10:22 of 2nd period - Stopped by Michal Neuvirth without a rebound.
10:23 of 2nd period - Mike Richards wins face-off versus Maxim Lapierre in Red Wings zone.
10:23 of 2nd period - Phil Kessel is hit by Patrick Eaves and loses puck.
10:32 of 2nd period - Snap shot by Maxim Lapierre.
10:32 of 2nd period - Shot Misses the Net.
10:34 of 2nd period - Snap shot by Bobby Butler.
10:34 of 2nd period - Goal by Bobby Butler - Canucks : 2 - Red Wings : 1.
10:35 of 2nd period - Maxim Lapierre wins face-off versus Mike Richards in neutral zone.
10:52 of 2nd period - Snap shot by Rick Nash.
10:52 of 2nd period - Shot Misses the Net.
11:02 of 2nd period - Tyler Johnson is hit by Doug Janik and loses puck.
11:34 of 2nd period - Slapshot by Alex Goligoski.
11:34 of 2nd period - Deflect By Mike Brown.
11:34 of 2nd period - Stopped by Michal Neuvirth without a rebound.
11:35 of 2nd period - Maxim Lapierre wins face-off versus Marc Savard in Red Wings zone.
12:02 of 2nd period - Nikolai Zherdev is hit by Mike Richards and loses puck.
12:27 of 2nd period - Doug Janik is hit by Filip Kuba.
13:11 of 2nd period - Wrist shot by Rick Nash.
13:11 of 2nd period - Stopped by Brent Krahn without a rebound.
13:12 of 2nd period - Maxim Lapierre wins face-off versus Tyler Johnson in Canucks zone.
13:44 of 2nd period - Snap shot by Rick Nash.
13:44 of 2nd period - Deflect By Mike Richards.
13:44 of 2nd period - Stopped by Brent Krahn without a rebound.
13:45 of 2nd period - Matt Stajan wins face-off versus Mike Richards in Canucks zone.
13:56 of 2nd period - Snap shot by Rick Nash.
13:56 of 2nd period - Stopped by Brent Krahn without a rebound.
13:57 of 2nd period - Mike Richards wins face-off versus Maxim Lapierre in Canucks zone.
13:58 of 2nd period - Wrist shot by Phil Kessel.
13:58 of 2nd period - Shot Blocked by Ben Lovejoy.
14:00 of 2nd period - Snap shot by Phil Kessel.
14:00 of 2nd period - Stopped by Brent Krahn with a rebound.
14:02 of 2nd period - Backhand shot by Rick Nash.
14:02 of 2nd period - Shot Blocked by Ben Lovejoy.
14:04 of 2nd period - Slapshot by Jiri Fischer.
14:04 of 2nd period - Stopped by Brent Krahn without a rebound.
14:05 of 2nd period - Maxim Lapierre wins face-off versus Mike Richards in Canucks zone.
14:28 of 2nd period - Snap shot by Rick Nash.
14:28 of 2nd period - Stopped by Brent Krahn with a rebound.
14:30 of 2nd period - Slapshot by Ole-Kristian Tollefsen.
14:30 of 2nd period - Shot Misses the Net.
14:44 of 2nd period - Snap shot by Rick Nash.
14:44 of 2nd period - Shot Blocked by Maxim Lapierre.
14:46 of 2nd period - Slapshot by Rick Nash.
14:46 of 2nd period - Shot Blocked by Maxim Lapierre.
14:48 of 2nd period - Slapshot by Jiri Fischer.
14:48 of 2nd period - Stopped by Brent Krahn with a rebound.
14:50 of 2nd period - Snap shot by Rick Nash.
14:50 of 2nd period - Shot Blocked by Ben Lovejoy.
14:52 of 2nd period - Snap shot by Phil Kessel.
14:52 of 2nd period - Stopped by Brent Krahn without a rebound.
14:53 of 2nd period - Nikolai Zherdev wins face-off versus Adam Henrique in Canucks zone.
14:53 of 2nd period - Nikolai Zherdev is hit by Adam Henrique.
14:59 of 2nd period - Snap shot by Matt Stajan.
14:59 of 2nd period - Stopped by Michal Neuvirth with a rebound.
15:23 of 2nd period - Snap shot by Matt Stajan.
15:23 of 2nd period - Shot Misses the Net.
15:25 of 2nd period - Snap shot by Matt Stajan.
15:25 of 2nd period - Stopped by Michal Neuvirth with a rebound.
15:27 of 2nd period - Wrist shot by Nikolai Zherdev.
15:27 of 2nd period - Goal by Nikolai Zherdev - Canucks : 3 - Red Wings : 1.
15:28 of 2nd period - Mike Richards wins face-off versus Maxim Lapierre in neutral zone.
15:31 of 2nd period - Doug Janik is hit by Mike Richards.
15:39 of 2nd period - Snap shot by Patrick Eaves.
15:39 of 2nd period - Shot Blocked by Mike Richards.
15:41 of 2nd period - Wrist shot by Bobby Butler.
15:41 of 2nd period - Stopped by Michal Neuvirth with a rebound.
15:43 of 2nd period - Wrist shot by Maxim Lapierre.
15:43 of 2nd period - Stopped by Michal Neuvirth without a rebound.
15:44 of 2nd period - Tyler Johnson wins face-off versus Matt Stajan in Red Wings zone.
15:59 of 2nd period - Slapshot by Doug Janik.
15:59 of 2nd period - Shot Misses the Net.
16:40 of 2nd period - Clarke MacArthur is hit by Jiri Fischer and loses puck.
16:51 of 2nd period - Alex Goligoski is hit by Steve Downie and loses puck.
16:56 of 2nd period - Snap shot by Steve Downie.
16:56 of 2nd period - Shot Misses the Net.
17:37 of 2nd period - Rick Nash is hit by Bobby Butler and loses puck.
17:46 of 2nd period - Slapshot by Bobby Butler.
17:46 of 2nd period - Stopped by Michal Neuvirth with a rebound.
17:56 of 2nd period - Alex Tanguay is hit by Alex Picard and loses puck.
18:23 of 2nd period - Ole-Kristian Tollefsen is hit by Ryan Parent and loses puck.
19:10 of 2nd period - Sami Lepisto is hit by Brendan Bell.
19:14 of 2nd period - Tim Ramholt is hit by Alex Tanguay and loses puck.
19:25 of 2nd period - Doug Janik is hit by Alex Picard and loses puck.
19:26 of 2nd period - Doug Janik from Canucks is injured at 19:26 of 2nd period (Left Foot).
19:27 of 2nd period - Mike Richards wins face-off versus Patrick Eaves in Canucks zone.
19:36 of 2nd period - Snap shot by Rick Nash.
19:36 of 2nd period - Stopped by Brent Krahn with a rebound.
19:50 of 2nd period - Minor Penalty to Maxim Lapierre for Interference.
19:51 of 2nd period - Maxim Afinogenov wins face-off versus Mike Richards in Canucks zone.
Goals for this period are 2 for Canucks vs 1 for Red Wings.
Shots for this period are 13 for Canucks vs 12 for Red Wings.

3rd period


0:01 of 3rd period - Mike Richards wins face-off versus Maxim Afinogenov in neutral zone.
1:50 of 3rd period - Penalty to Maxim Lapierre is over, Maxim Lapierre is back on ice.
2:00 of 3rd period - Snap shot by Maxim Lapierre.
2:00 of 3rd period - Shot Misses the Net.
2:10 of 3rd period - Brendon Nash is hit by Mike Brown and loses puck.
2:29 of 3rd period - Snap shot by Nate Thompson.
2:29 of 3rd period - Stopped by Brent Krahn with a rebound.
2:31 of 3rd period - Snap shot by Brendan Bell.
2:31 of 3rd period - Shot Blocked by Brendon Nash.
2:43 of 3rd period - Wrist shot by Matt Stajan.
2:43 of 3rd period - Goal by Matt Stajan - Canucks : 4 - Red Wings : 1.
2:44 of 3rd period - Matt Stajan wins face-off versus Mike Richards in neutral zone.
3:19 of 3rd period - Snap shot by Clarke MacArthur.
3:19 of 3rd period - Stopped by Michal Neuvirth without a rebound.
3:20 of 3rd period - Tyler Johnson wins face-off versus Maxim Lapierre in Red Wings zone.
3:27 of 3rd period - Wrist shot by Patrick Eaves.
3:27 of 3rd period - Shot Blocked by Steve Downie.
3:29 of 3rd period - Snap shot by Alex Goligoski.
3:29 of 3rd period - Stopped by Michal Neuvirth with a rebound.
3:31 of 3rd period - Slapshot by Maxim Lapierre.
3:31 of 3rd period - Stopped by Michal Neuvirth with a rebound.
3:33 of 3rd period - Slapshot by Brendon Nash.
3:33 of 3rd period - Stopped by Michal Neuvirth with a rebound.
3:45 of 3rd period - Nikolai Zherdev is hit by Mike Richards and loses puck.
3:56 of 3rd period - Slapshot by Rick Nash.
3:56 of 3rd period - Stopped by Brent Krahn with a rebound.
4:12 of 3rd period - Slapshot by Alex Goligoski.
4:12 of 3rd period - Stopped by Michal Neuvirth with a rebound.
4:28 of 3rd period - Wrist shot by Maxim Lapierre.
4:28 of 3rd period - Deflect By Patrick Eaves.
4:28 of 3rd period - Stopped by Michal Neuvirth with a rebound.
4:50 of 3rd period - Slapshot by Tim Ramholt.
4:50 of 3rd period - Stopped by Brent Krahn with a rebound.
4:52 of 3rd period - Slapshot by Brendan Bell.
4:52 of 3rd period - Shot Misses the Net.
4:54 of 3rd period - Slapshot by Tim Ramholt.
4:54 of 3rd period - Shot Misses the Net.
4:56 of 3rd period - Slapshot by Brendan Bell.
4:56 of 3rd period - Shot Misses the Net.
4:58 of 3rd period - Snap shot by Adam Henrique.
4:58 of 3rd period - Stopped by Brent Krahn without a rebound.
4:59 of 3rd period - Mike Richards wins face-off versus Matt Stajan in Canucks zone.
5:00 of 3rd period - Snap shot by Phil Kessel.
5:00 of 3rd period - Stopped by Brent Krahn without a rebound.
5:01 of 3rd period - Mike Richards wins face-off versus Matt Stajan in Canucks zone.
5:04 of 3rd period - Wrist shot by Phil Kessel.
5:04 of 3rd period - Shot Misses the Net.
5:06 of 3rd period - Slapshot by Filip Kuba.
5:06 of 3rd period - Stopped by Brent Krahn with a rebound.
5:18 of 3rd period - Icing by Ryan Parent.
5:19 of 3rd period - Matt Stajan wins face-off versus Tyler Johnson in Canucks zone.
5:28 of 3rd period - Snap shot by Matt Stajan.
5:28 of 3rd period - Shot Blocked by Ole-Kristian Tollefsen.
5:30 of 3rd period - Slapshot by Ryan Parent.
5:30 of 3rd period - Stopped by Michal Neuvirth without a rebound.
5:31 of 3rd period - Maxim Lapierre wins face-off versus Mike Richards in Red Wings zone.
5:54 of 3rd period - Minor Penalty to Ryan Parent for Hooking.
5:55 of 3rd period - Maxim Afinogenov wins face-off versus Phil Kessel in Canucks zone.
6:12 of 3rd period - Wrist shot by Phil Kessel.
6:12 of 3rd period - Stopped by Brent Krahn with a rebound.
6:26 of 3rd period - Wrist shot by Shea Weber.
6:26 of 3rd period - Stopped by Brent Krahn with a rebound.
6:28 of 3rd period - Snap shot by Steve Downie.
6:28 of 3rd period - Shot Misses the Net.
6:30 of 3rd period - Snap shot by Shea Weber.
6:30 of 3rd period - Goal by Shea Weber - Canucks : 4 - Red Wings : 2.
6:31 of 3rd period - Mike Richards wins face-off versus Maxim Lapierre in neutral zone.
6:34 of 3rd period - Wrist shot by Mike Richards.
6:34 of 3rd period - Shot Blocked by Brendon Nash.
6:36 of 3rd period - Wrist shot by Mike Richards.
6:36 of 3rd period - Shot Misses the Net.
6:38 of 3rd period - Snap shot by Ole-Kristian Tollefsen.
6:38 of 3rd period - Stopped by Brent Krahn without a rebound.
6:39 of 3rd period - Maxim Lapierre wins face-off versus Mike Richards in Canucks zone.
6:48 of 3rd period - Wrist shot by Maxim Lapierre.
6:48 of 3rd period - Stopped by Michal Neuvirth without a rebound.
6:49 of 3rd period - Mike Richards wins face-off versus Patrick Eaves in Red Wings zone.
6:58 of 3rd period - Snap shot by Rick Nash.
6:58 of 3rd period - Stopped by Brent Krahn without a rebound.
6:59 of 3rd period - Phil Kessel wins face-off versus Maxim Lapierre in Canucks zone.
7:05 of 3rd period - Minor Penalty to Bobby Butler for Interference.
7:06 of 3rd period - Mike Richards wins face-off versus Maxim Afinogenov in Canucks zone.
7:10 of 3rd period - Snap shot by Mike Richards.
7:10 of 3rd period - Shot Blocked by Alex Goligoski.
7:12 of 3rd period - Wrist shot by Mike Richards.
7:12 of 3rd period - Stopped by Brent Krahn with a rebound.
7:14 of 3rd period - Wrist shot by Mike Richards.
7:14 of 3rd period - Deflect By Phil Kessel.
7:14 of 3rd period - Shot Misses the Net.
7:14 of 3rd period - Puck is out of play.
7:15 of 3rd period - Mike Richards wins face-off versus Maxim Afinogenov in Canucks zone.
7:28 of 3rd period - Wrist shot by Phil Kessel.
7:28 of 3rd period - Shot Misses the Net.
7:30 of 3rd period - Backhand shot by Shea Weber.
7:30 of 3rd period - Stopped by Brent Krahn with a rebound.
7:32 of 3rd period - Slapshot by Ole-Kristian Tollefsen.
7:32 of 3rd period - Shot Misses the Net.
7:34 of 3rd period - Slapshot by Shea Weber.
7:34 of 3rd period - Deflect By Mike Richards.
7:34 of 3rd period - Goal by Mike Richards - Canucks : 4 - Red Wings : 3.
7:35 of 3rd period - Mike Richards wins face-off versus Maxim Lapierre in neutral zone.
7:38 of 3rd period - Brendon Nash is hit by Mike Richards and loses puck.
7:45 of 3rd period - Snap shot by Rick Nash.
7:45 of 3rd period - Shot Misses the Net.
8:24 of 3rd period - Clarke MacArthur is hit by Steve Downie and loses puck.
9:10 of 3rd period - Wrist shot by Maxim Lapierre.
9:10 of 3rd period - Stopped by Michal Neuvirth without a rebound.
9:11 of 3rd period - Matt Stajan wins face-off versus Mike Richards in Red Wings zone.
9:12 of 3rd period - Snap shot by Nikolai Zherdev.
9:12 of 3rd period - Stopped by Michal Neuvirth with a rebound.
9:14 of 3rd period - Slapshot by Alex Goligoski.
9:14 of 3rd period - Shot Blocked by Jiri Fischer.
9:45 of 3rd period - Wrist shot by Alex Picard.
9:45 of 3rd period - Stopped by Brent Krahn with a rebound.
9:58 of 3rd period - Icing by Ole-Kristian Tollefsen.
9:59 of 3rd period - Nate Thompson wins face-off versus Mike Ribeiro in Red Wings zone.
10:30 of 3rd period - Minor Penalty to Nikolai Zherdev for Hooking.
10:31 of 3rd period - Mike Richards wins face-off versus Maxim Afinogenov in Canucks zone.
10:33 of 3rd period - Snap shot by Rick Nash.
10:33 of 3rd period - Shot Blocked by Ben Lovejoy.
11:06 of 3rd period - Minor Penalty to Martin St. Louis for High sticking.
11:07 of 3rd period - Maxim Afinogenov wins face-off versus Mike Richards in Canucks zone.
11:07 of 3rd period - Maxim Afinogenov is hit by Mike Richards.
11:41 of 3rd period - Slapshot by Ole-Kristian Tollefsen.
11:41 of 3rd period - Stopped by Brent Krahn without a rebound.
11:42 of 3rd period - Mike Richards wins face-off versus Maxim Afinogenov in Canucks zone.
12:30 of 3rd period - Penalty to Nikolai Zherdev is over, Nikolai Zherdev is back on ice.
12:53 of 3rd period - Alex Goligoski is hit by Shea Weber and loses puck.
13:06 of 3rd period - Penalty to Martin St. Louis is over, Martin St. Louis is back on ice.
13:23 of 3rd period - Snap shot by Ales Hemsky.
13:23 of 3rd period - Stopped by Brent Krahn with a rebound.
13:26 of 3rd period - Icing by Alex Goligoski.
13:27 of 3rd period - Maxim Lapierre wins face-off versus Marc Savard in Canucks zone.
14:00 of 3rd period - Ben Lovejoy is hit by Mike Brown and loses puck.
14:07 of 3rd period - Wrist shot by Sami Lepisto.
14:07 of 3rd period - Shot Misses the Net.
14:19 of 3rd period - Snap shot by Marc Savard.
14:19 of 3rd period - Shot Blocked by Sami Lepisto.
15:01 of 3rd period - Slapshot by Marc Savard.
15:01 of 3rd period - Shot Misses the Net.
15:03 of 3rd period - Wrist shot by Tye McGinn.
15:03 of 3rd period - Stopped by Brent Krahn with a rebound.
15:19 of 3rd period - Slapshot by Mike Brown.
15:19 of 3rd period - Stopped by Brent Krahn without a rebound.
15:20 of 3rd period - Nate Thompson wins face-off versus Mike Ribeiro in Canucks zone.
15:25 of 3rd period - Wrist shot by Ales Hemsky.
15:25 of 3rd period - Stopped by Brent Krahn without a rebound.
15:26 of 3rd period - Mike Ribeiro wins face-off versus Nate Thompson in Canucks zone.
16:19 of 3rd period - Snap shot by Adam Henrique.
16:19 of 3rd period - Stopped by Brent Krahn with a rebound.
16:21 of 3rd period - Wrist shot by Tyler Johnson.
16:21 of 3rd period - Stopped by Brent Krahn without a rebound.
16:22 of 3rd period - Tyler Johnson wins face-off versus Martin St. Louis in Canucks zone.
16:44 of 3rd period - Wrist shot by Steve Downie.
16:44 of 3rd period - Stopped by Brent Krahn with a rebound.
16:46 of 3rd period - Slapshot by Ole-Kristian Tollefsen.
16:46 of 3rd period - Shot Hit the Post.
16:48 of 3rd period - Snap shot by Tyler Johnson.
16:48 of 3rd period - Goal by Tyler Johnson - Canucks : 4 - Red Wings : 4.
16:49 of 3rd period - Nate Thompson wins face-off versus Mike Ribeiro in neutral zone.
17:14 of 3rd period - Ben Lovejoy is hit by Shea Weber and loses puck.
17:21 of 3rd period - Snap shot by Steve Downie.
17:21 of 3rd period - Shot Misses the Net.
18:57 of 3rd period - Slapshot by Brendon Nash.
18:57 of 3rd period - Stopped by Michal Neuvirth with a rebound.
18:59 of 3rd period - Slapshot by Sami Lepisto.
18:59 of 3rd period - Shot Blocked by Filip Kuba.
19:01 of 3rd period - Slapshot by Brendon Nash.
19:01 of 3rd period - Stopped by Michal Neuvirth with a rebound.
19:03 of 3rd period - Snap shot by Alex Tanguay.
19:03 of 3rd period - Stopped by Michal Neuvirth with a rebound.
19:17 of 3rd period - Slapshot by Rick Nash.
19:17 of 3rd period - Stopped by Brent Krahn with a rebound.
Goals for this period are 1 for Canucks vs 3 for Red Wings.
Shots for this period are 14 for Canucks vs 25 for Red Wings.

Overtime #1


0:01 of 1st overtime period - Maxim Afinogenov wins face-off versus Mike Richards in neutral zone.
0:03 of 1st overtime period - Off-side.
0:04 of 1st overtime period - Maxim Afinogenov wins face-off versus Mike Richards in neutral zone.
0:09 of 1st overtime period - Shea Weber is hit by Maxim Afinogenov and loses puck.
0:20 of 1st overtime period - Wrist shot by Mike Richards.
0:20 of 1st overtime period - Shot Misses the Net.
0:41 of 1st overtime period - Jiri Fischer is hit by Maxim Afinogenov and loses puck.
1:54 of 1st overtime period - Ole-Kristian Tollefsen is hit by Ryan Parent and loses puck.
2:13 of 1st overtime period - Mike Richards is hit by Mike Ribeiro and loses puck.
2:26 of 1st overtime period - Ole-Kristian Tollefsen is hit by Martin St. Louis and loses puck.
2:35 of 1st overtime period - Snap shot by Matt Stajan.
2:35 of 1st overtime period - Stopped by Michal Neuvirth with a rebound.
2:47 of 1st overtime period - Shea Weber is hit by Patrick Eaves and loses puck.
3:13 of 1st overtime period - Icing by Jiri Hudler.
3:14 of 1st overtime period - Alex Tanguay wins face-off versus Tyler Johnson in Canucks zone.
3:35 of 1st overtime period - Alex Goligoski is hit by Rick Nash and loses puck.
4:20 of 1st overtime period - Snap shot by Phil Kessel.
4:20 of 1st overtime period - Stopped by Brent Krahn with a rebound.
Goals for this period are 0 for Canucks vs 0 for Red Wings.
Shots for this period are 1 for Canucks vs 1 for Red Wings.

ShootOut


5:00 of 1st overtime period - Penalty Shot by Maxim Afinogenov for Canucks.
5:00 of 1st overtime period - Wrist shot by Maxim Afinogenov.
5:00 of 1st overtime period - Shot Misses the Net.
5:00 of 1st overtime period - Penalty Shot by Rick Nash for Red Wings.
5:00 of 1st overtime period - Deke by Rick Nash.
5:00 of 1st overtime period - Goal by Rick Nash.
5:00 of 1st overtime period - Penalty Shot by Mike Ribeiro for Canucks.
5:00 of 1st overtime period - Backhand shot by Mike Ribeiro.
5:00 of 1st overtime period - Goal by Mike Ribeiro.
5:00 of 1st overtime period - Penalty Shot by Mike Richards for Red Wings.
5:00 of 1st overtime period - Snap shot by Mike Richards.
5:00 of 1st overtime period - Stopped by Brent Krahn.
5:00 of 1st overtime period - Penalty Shot by Martin St. Louis for Canucks.
5:00 of 1st overtime period - Snap shot by Martin St. Louis.
5:00 of 1st overtime period - Stopped by Michal Neuvirth.
5:00 of 1st overtime period - Penalty Shot by Steve Downie for Red Wings.
5:00 of 1st overtime period - Deke by Steve Downie.
5:00 of 1st overtime period - Stopped by Brent Krahn.
5:00 of 1st overtime period - Penalty Shot by Matt Stajan for Canucks.
5:00 of 1st overtime period - Deke by Matt Stajan.
5:00 of 1st overtime period - Stopped by Michal Neuvirth.
5:00 of 1st overtime period - Penalty Shot by Shea Weber for Red Wings.
5:00 of 1st overtime period - Backhand shot by Shea Weber.
5:00 of 1st overtime period - Goal by Shea Weber.